NWL (28 & UNDER)
CULVER CITY EXTRAS @ SAN DIEGO SMASHERS
09/05/2024
 
TOP OF THE 1ST
Culver City Extras batting - Pitching for San Diego Smashers : RHP Luis Trevino
Pitching: RHP Luis Trevino
Batting: RHB Jesús Hernández 0-0: SINGLE (Line Drive, 6M)
Batting: LHB Tanyu Imai 0-0: DOUBLE (Flyball, 89D)
Jesús Hernández to third
Runner from 3rd tries for Home, SAFE, no throw or cutoff
Batting: RHB Max Alexander 0-0: Called Strike
0-1: Called Strike
0-2: Strikes out swinging
Batting: LHB Ronaldo Gois 0-0: Called Strike
0-1: SINGLE (Line Drive, 8LS)
Tanyu Imai to third
Runner from 3rd tries for Home, SAFE, no throw or cutoff
Batting: RHB Cooper Richard 0-0: Called Strike
Ronaldo Gois steals 2nd base
0-1: Ball
1-1: Foul Ball, location: 2F
1-2: SINGLE (Groundball, 6M)
Ronaldo Gois to third
Runner from 3rd tries for Home, SAFE, no throw or cutoff
Batting: RHB Lorne Witcher 0-0: Called Strike
0-1: Foul Ball, location: 2F
0-2: Ball
1-2: Strikes out swinging
Batting: RHB Roberto Gonzáles 0-0: Called Strike
0-1: Called Strike
Cooper Richard is caught stealing 2nd base
Top of the 1st over - 3 run(s), 4 hit(s), 0 error(s), 0 left on base; Culver City 3 - San Diego 0
BOTTOM OF THE 1ST
San Diego Smashers batting - Pitching for Culver City Extras : RHP Guy Smith
Pitching: RHP Guy Smith
Batting: RHB Gustavo Torres 0-0: Foul Ball, location: 2F
0-1: Foul Ball, location: 2F
0-2: Strikes out swinging
Batting: RHB Francisco Castillo 0-0: Fly out, F3 (Line Drive, 3)
Batting: RHB Luis Martínez 0-0: Foul Ball, location: 2F
0-1: SOLO HOME RUN (Flyball, 7LD), Distance : 317 ft
Batting: LHB Brent Alonzo 0-0: Ball
1-0: Called Strike
1-1: Called Strike
1-2: Ball
2-2: Strikes out swinging
Bottom of the 1st over - 1 run(s), 1 hit(s), 0 error(s), 0 left on base; Culver City 3 - San Diego 1
TOP OF THE 2ND
Culver City Extras batting - Pitching for San Diego Smashers : RHP Luis Trevino
Batting: RHB Roberto Gonzáles 0-0: Swinging Strike
0-1: Foul Ball, location: 2F
0-2: Foul Ball, location: 2F
0-2: Ball
1-2: Ball
2-2: Strikes out swinging
Batting: RHB Cal Rogers 0-0: Called Strike
0-1: Swinging Strike
0-2: Strikes out looking
Batting: RHB Jesús Aquino 0-0: Foul Ball, location: 2F
0-1: Ball
1-1: Ball
2-1: Ball
3-1: Base on Balls
Batting: RHB Jesús Hernández 0-0: Ball
1-0: Swinging Strike
1-1: Ball
2-1: Fly out, F3 (Popup, 3F)
Top of the 2nd over - 0 run(s), 0 hit(s), 0 error(s), 1 left on base; Culver City 3 - San Diego 1
BOTTOM OF THE 2ND
San Diego Smashers batting - Pitching for Culver City Extras : RHP Guy Smith
Batting: RHB Cisco Gatán 0-0: Called Strike
0-1: Fly out, F6 (Line Drive, 6)
Batting: RHB Armando Colón 0-0: Ball
1-0: Foul Ball, location: 2F
1-1: Fly out, F5 (Popup, 5SF)
Batting: SHB Chris Hall 0-0: Ball
1-0: Called Strike
1-1: Ball
2-1: Ball
3-1: Base on Balls
Batting: RHB Griswold Coleman 0-0: Swinging Strike
0-1: Swinging Strike
0-2: Ball
1-2: Ball
2-2: Foul Ball, location: 2F
2-2: Ball
3-2: Strikes out swinging
Bottom of the 2nd over - 0 run(s), 0 hit(s), 0 error(s), 1 left on base; Culver City 3 - San Diego 1
TOP OF THE 3RD
Culver City Extras batting - Pitching for San Diego Smashers : RHP Luis Trevino
Batting: LHB Tanyu Imai 0-0: Ball
1-0: Fly out, F8 (Flyball, 8LD)
Batting: RHB Max Alexander 0-0: Ball
1-0: SOLO HOME RUN (Line Drive, 7D), Distance : 347 ft
Batting: LHB Ronaldo Gois 0-0: Ball
1-0: Swinging Strike
1-1: Reached on error, E4 (Groundball, 4)
Batting: RHB Cooper Richard 0-0: Ball
1-0: Ball
2-0: Fly out, F8 (Flyball, 8LM)
Batting: RHB Lorne Witcher 0-0: Reached on error, E5 (Groundball, 56)
Ronaldo Gois to second
Batting: RHB Roberto Gonzáles 0-0: Ball
1-0: Called Strike
1-1: Called Strike
1-2: Ball
2-2: Strikes out looking
Top of the 3rd over - 1 run(s), 1 hit(s), 2 error(s), 2 left on base; Culver City 4 - San Diego 1
BOTTOM OF THE 3RD
San Diego Smashers batting - Pitching for Culver City Extras : RHP Guy Smith
Batting: RHB Ryan Cates 0-0: Ground out 3-1 (Groundball, 34)
Batting: RHB Gustavo Torres 0-0: Ball
1-0: Swinging Strike
1-1: Ball
2-1: Ground out 5-3 (Groundball, 5L)
Batting: RHB Francisco Castillo 0-0: Called Strike
0-1: Ball
1-1: Ball
2-1: Swinging Strike
2-2: Ground out 6-3 (Groundball, 6)
Bottom of the 3rd over - 0 run(s), 0 hit(s), 0 error(s), 0 left on base; Culver City 4 - San Diego 1
TOP OF THE 4TH
Culver City Extras batting - Pitching for San Diego Smashers : RHP Luis Trevino
Batting: RHB Cal Rogers 0-0: Ball
1-0: Foul Ball, location: 2F
1-1: Ball
2-1: Foul Ball, location: 2F
2-2: Foul Ball, location: 2F
2-2: Ball
3-2: Strikes out looking
Batting: RHB Jesús Aquino 0-0: Ball
1-0: Called Strike
1-1: Ball
2-1: Ball
3-1: Foul Ball, location: 2F
3-2: Base on Balls
Batting: RHB Jesús Hernández 0-0: SINGLE (Line Drive, 6MD)
Jesús Aquino to second
Batting: LHB Tanyu Imai 0-0: Ball
1-0: Foul Ball, location: 2F
1-1: Foul Ball, location: 2F
1-2: Ball
2-2: Fly out, F7 (Line Drive, 7S)
Batting: RHB Max Alexander 0-0: Called Strike
0-1: Ball
1-1: SINGLE (Line Drive, 8LS)
Jesús Aquino to third
Jesús Hernández to second
Runner from 3rd tries for Home, SAFE, no throw or cutoff
Batting: LHB Ronaldo Gois 0-0: Ball
1-0: Called Strike
1-1: Called Strike
1-2: Ball
2-2: Foul Ball, location: 2F
2-2: Ball
3-2: Foul Ball, location: 2F
3-2: Base on Balls
Jesús Hernández to third
Max Alexander to second
Batting: RHB Cooper Richard 0-0: Ball
1-0: SINGLE (Groundball, 6M)
Jesús Hernández scores
Max Alexander to third
Ronaldo Gois to second
Runner from 3rd tries for Home, SAFE, no throw or cutoff
Pitching: RHP Ángel Polanco
Batting: RHB Lorne Witcher 0-0: Ball
1-0: Foul Ball, location: 2F
1-1: Called Strike
1-2: Strikes out swinging
Top of the 4th over - 3 run(s), 3 hit(s), 0 error(s), 2 left on base; Culver City 7 - San Diego 1
BOTTOM OF THE 4TH
San Diego Smashers batting - Pitching for Culver City Extras : RHP Guy Smith
Batting: RHB Luis Martínez 0-0: Ball
1-0: Swinging Strike
1-1: Ball
2-1: SINGLE (Line Drive, 7S)
Batting: LHB Brent Alonzo 0-0: Ball
1-0: Foul Ball, location: 2F
1-1: Swinging Strike
1-2: Ball
2-2: Ball
3-2: Foul Ball, location: 2F
3-2: Fly out, F8 (Flyball, 8LXD)
Batting: RHB Cisco Gatán 0-0: Ball
1-0: Called Strike
1-1: Fly out, F8 (Flyball, 8LS)
Batting: RHB Armando Colón 0-0: Ball
1-0: Swinging Strike
1-1: Ball
2-1: Ball
3-1: Swinging Strike
3-2: Strikes out swinging
Bottom of the 4th over - 0 run(s), 1 hit(s), 0 error(s), 1 left on base; Culver City 7 - San Diego 1
TOP OF THE 5TH
Culver City Extras batting - Pitching for San Diego Smashers : RHP Ángel Polanco
Batting: RHB Roberto Gonzáles 0-0: Ball
1-0: Called Strike
1-1: Called Strike
1-2: Ball
2-2: Foul Ball, location: 2F
2-2: Foul Ball, location: 2F
2-2: Foul Ball, location: 2F
2-2: Foul Ball, location: 2F
2-2: Foul Ball, location: 2F
2-2: Ball
3-2: Base on Balls
Batting: RHB Cal Rogers 0-0: 2-RUN HOME RUN (Flyball, 9D), Distance : 382 ft
Batting: RHB Jesús Aquino 0-0: Called Strike
0-1: Ball
1-1: Swinging Strike
1-2: Strikes out swinging
Batting: RHB Jesús Hernández 0-0: Ball
1-0: Ball
2-0: Ball
3-0: Base on Balls
Batting: LHB Tanyu Imai 0-0: Called Strike
Jesús Hernández steals 2nd base
0-1: Foul Ball, location: 2F
0-2: Ball
1-2: Foul Ball, location: 2F
1-2: Foul Ball, location: 2F
1-2: Foul Ball, location: 2F
1-2: Ball
2-2: DOUBLE (Line Drive, 5D)
Jesús Hernández scores
Batting: RHB Max Alexander 0-0: Called Strike
0-1: Called Strike
0-2: Foul Ball, location: 2F
0-2: Foul Ball, location: 2F
0-2: Foul Ball, location: 2F
0-2: Foul Ball, location: 2F
0-2: Ground out 6-3 (Groundball, 6)
Batting: LHB Ronaldo Gois 0-0: Called Strike
0-1: Ground out 4-3 (Groundball, 34)
Top of the 5th over - 3 run(s), 2 hit(s), 0 error(s), 1 left on base; Culver City 10 - San Diego 1
BOTTOM OF THE 5TH
San Diego Smashers batting - Pitching for Culver City Extras : RHP Guy Smith
Batting: SHB Chris Hall 0-0: Swinging Strike
0-1: Foul Ball, location: 2F
0-2: Ball
1-2: Ball
2-2: Strikes out swinging
Batting: RHB Griswold Coleman 0-0: Ground out 4-3 (Groundball, 4)
Batting: RHB Ryan Cates 0-0: Foul Ball, location: 2F
0-1: Foul Ball, location: 2F
0-2: Ball
1-2: Ball
2-2: Strikes out swinging
Bottom of the 5th over - 0 run(s), 0 hit(s), 0 error(s), 0 left on base; Culver City 10 - San Diego 1
TOP OF THE 6TH
Culver City Extras batting - Pitching for San Diego Smashers : RHP Ángel Polanco
Pitching: RHP Bill Elliott
Batting: RHB Cooper Richard 0-0: DOUBLE (Groundball, 5L)
Batting: RHB Lorne Witcher 0-0: Ground out 6-3 (Groundball, 6)
Cooper Richard to third
Batting: RHB Roberto Gonzáles 0-0: Foul Ball, location: 2F
0-1: Ball
1-1: Ground out 6-3 (Groundball, 6)
Cooper Richard scores
Pinch Hitting: RHB Jesús Gonzáles 0-0: Called Strike
0-1: Swinging Strike
0-2: Ball
1-2: SINGLE (Line Drive, 9LS)
Batting: RHB Jesús Aquino 0-0: Called Strike
0-1: Swinging Strike
0-2: Foul Ball, location: 2F
0-2: Ball
1-2: Ball
2-2: Strikes out looking
Top of the 6th over - 1 run(s), 2 hit(s), 0 error(s), 1 left on base; Culver City 11 - San Diego 1
BOTTOM OF THE 6TH
San Diego Smashers batting - Pitching for Culver City Extras : RHP Guy Smith
Now at 2B: Jesús Gonzáles
Batting: RHB Gustavo Torres 0-0: Called Strike
0-1: Ball
1-1: Ball
2-1: Foul Ball, location: 2F
2-2: Fly out, F8 (Flyball, 8LM)
Batting: RHB Francisco Castillo 0-0: Called Strike
0-1: Ground out 4-3 (Groundball, 4)
Batting: RHB Luis Martínez 0-0: Called Strike
0-1: Ball
1-1: Ball
2-1: Ball
3-1: Base on Balls
Batting: LHB Brent Alonzo 0-0: Called Strike
0-1: Ball
1-1: Ball
2-1: Foul Ball, location: 2F
2-2: Ground out 5-3 (Groundball, 56)
Bottom of the 6th over - 0 run(s), 0 hit(s), 0 error(s), 1 left on base; Culver City 11 - San Diego 1
TOP OF THE 7TH
Culver City Extras batting - Pitching for San Diego Smashers : RHP Bill Elliott
Batting: RHB Jesús Hernández 0-0: Fly out, F4 (Popup, 4D)
Batting: LHB Tanyu Imai 0-0: Called Strike
0-1: Ball
1-1: Swinging Strike
1-2: Foul Ball, location: 2F
1-2: Ball
2-2: Foul Ball, location: 2F
2-2: Ball
3-2: Base on Balls
Batting: RHB Max Alexander 0-0: Ball
1-0: Ball
2-0: Ball
Pickoff Throw to First - Out!
3-0: Base on Balls
Pinch Hitting: RHB Tony Cruz 0-0: Ball
1-0: Foul Ball, location: 2F
1-1: Ground out U3 (Groundball, 3)
Top of the 7th over - 0 run(s), 0 hit(s), 0 error(s), 1 left on base; Culver City 11 - San Diego 1
BOTTOM OF THE 7TH
San Diego Smashers batting - Pitching for Culver City Extras : RHP Guy Smith
Now in CF: Quincy Vance
Batting: RHB Cisco Gatán 0-0: Called Strike
0-1: Swinging Strike
0-2: Strikes out swinging
Batting: RHB Armando Colón 0-0: Swinging Strike
0-1: Foul Ball, location: 2F
0-2: Strikes out looking
Batting: SHB Chris Hall 0-0: Ball
1-0: Ball
2-0: Foul Ball, location: 2F
2-1: Ball
3-1: Base on Balls
Pitching: LHP Theron Lilly
Batting: RHB Griswold Coleman 0-0: Foul Ball, location: 2F
0-1: Foul Ball, location: 2F
0-2: Ball
1-2: Ball
Chris Hall steals 2nd base
2-2: Fly out, F5 (Line Drive, 5)
Bottom of the 7th over - 0 run(s), 0 hit(s), 0 error(s), 1 left on base; Culver City 11 - San Diego 1
TOP OF THE 8TH
Culver City Extras batting - Pitching for San Diego Smashers : RHP Bill Elliott
Pitching: RHP Cedric Sherston
Batting: RHB Cooper Richard 0-0: Ball
1-0: Ball
2-0: Ball
3-0: Swinging Strike
3-1: Called Strike
3-2: Strikes out swinging
Batting: RHB Lorne Witcher 0-0: Ball
1-0: Ball
2-0: Foul Ball, location: 2F
2-1: Foul Ball, location: 2F
2-2: Strikes out swinging
Batting: RHB Roberto Gonzáles 0-0: Foul Ball, location: 2F
0-1: Called Strike
0-2: Ball
1-2: Strikes out swinging
Top of the 8th over - 0 run(s), 0 hit(s), 0 error(s), 0 left on base; Culver City 11 - San Diego 1
BOTTOM OF THE 8TH
San Diego Smashers batting - Pitching for Culver City Extras : LHP Theron Lilly
Batting: RHB Ryan Cates 0-0: Ball
1-0: SINGLE (Line Drive, 89S)
Batting: RHB Gustavo Torres 0-0: Ball
1-0: Foul Ball, location: 2F
1-1: Ball
2-1: Fly out, F8 (Flyball, 8RM)
Batting: RHB Francisco Castillo 0-0: Ball
1-0: Ball
2-0: Ball
3-0: Called Strike
3-1: Base on Balls
Ryan Cates to second
Batting: RHB Luis Martínez 0-0: Foul Ball, location: 2F
0-1: Ball
1-1: Foul Ball, location: 2F
1-2: Ball
2-2: Ball
3-2: Base on Balls
Ryan Cates to third
Francisco Castillo to second
Batting: LHB Brent Alonzo 0-0: Ball
1-0: Ball
2-0: Ball
3-0: Called Strike
3-1: Foul Ball, location: 2F
3-2: Fly out, F7 (Flyball, 78D)
Runner from 3rd tags up, SCORES, no throw
Batting: RHB Cisco Gatán 0-0: Called Strike
0-1: Swinging Strike
0-2: Strikes out looking
Bottom of the 8th over - 1 run(s), 1 hit(s), 0 error(s), 2 left on base; Culver City 11 - San Diego 2
TOP OF THE 9TH
Culver City Extras batting - Pitching for San Diego Smashers : RHP Cedric Sherston
Batting: RHB Jesús Gonzáles 0-0: Called Strike
0-1: Foul Ball, location: 2F
0-2: Ball
1-2: Foul Ball, location: 2F
1-2: Ball
2-2: Ball
3-2: Strikes out swinging
Batting: RHB Jesús Aquino 0-0: Swinging Strike
0-1: Ground out 4-3 (Groundball, 4)
Batting: RHB Jesús Hernández 0-0: Ball
1-0: Ball
2-0: Called Strike
2-1: Foul Ball, location: 2F
2-2: Foul Ball, location: 2F
2-2: SINGLE (Flyball, 8LS)
Batting: LHB Tanyu Imai 0-0: Fly out, F7 (Flyball, 78M)
Top of the 9th over - 0 run(s), 1 hit(s), 0 error(s), 1 left on base; Culver City 11 - San Diego 2
BOTTOM OF THE 9TH
San Diego Smashers batting - Pitching for Culver City Extras : LHP Theron Lilly
Batting: RHB Armando Colón 0-0: Called Strike
0-1: Foul Ball, location: 2F
0-2: Strikes out swinging
Batting: SHB Chris Hall 0-0: Called Strike
0-1: Ball
1-1: Ball
2-1: Ball
3-1: Ground out U3 (Groundball, 3L)
Batting: RHB Griswold Coleman 0-0: Ball
1-0: Foul Ball, location: 2F
1-1: Ball
2-1: Foul Ball, location: 2F
2-2: Foul Ball, location: 2F
2-2: Foul Ball, location: 2F
2-2: TRIPLE (Flyball, 89XD)
Batting: RHB Ryan Cates 0-0: Ball
1-0: Ball
2-0: Fly out, F8 (Flyball, 8RM)
Bottom of the 9th over - 0 run(s), 1 hit(s), 0 error(s), 1 left on base; Culver City 11 - San Diego 2
This league is powered by Out of the Park Baseball, the baseball management simulation game for PC, Mac and Linux
Saturday, April 9th, 2016 - OOTP Baseball 16.8 Build 38